 Dungeon Crawl Stone Soup version 0.27-a0-416-gca2cecf3c0 (webtiles) character file.

Game seed: 9787937837905242319

9600 pokeman the Thaumaturge (level 11, -5/60 HPs)
             Began as a Deep Elf Hedge Wizard on Feb 24, 2021.
             Was an Elder of Vehumet.
             Slain by a five-headed hydra (9 damage)
             ... on level 11 of the Dungeon on Feb 25, 2021.
             The game lasted 00:40:21 (14148 turns).

pokeman the Thaumaturge (Deep Elf Hedge Wizard)    Turns: 14148, Time: 00:40:22

Health: -5/60      AC:  8    Str:  7    XL:     11   Next: 25%
Magic:  17/31      EV: 16    Int: 23    God:    Vehumet [****..]
Gold:   786        SH:  5    Dex: 14    Spells: 22/38 levels left

rFire    . . .     SeeInvis .   L - +1 rapier (elec)
rCold    . . .     Faith    .   z - +0 buckler
rNeg     . . .     Spirit   .   J - +0 acid dragon scales
rPois    .         Reflect  .   c - +0 hat
rElec    .         Harm     .   U - scarf {repulsion}
rCorr    +         Rampage  .   (no gloves)
Will     +....                  O - +0 pair of boots
Stlth    ++........             i - amulet of magic regeneration
HPRegen  0.20/turn              e - ring of resist corrosion
MPRegen  0.47/turn              v - +4 ring of evasion

@: studying Air Magic, repel missiles
A: no striking features
a: Renounce Religion


You were on level 11 of the Dungeon.
You worshipped Vehumet.
Vehumet was greatly pleased with you.
You visited 2 branches of the dungeon, and saw 12 of its levels.
You also visited: Sewer.

You collected 786 gold pieces.

Inventory:

Hand Weapons
 h - a +0 shortbow
 x - the +1 dagger of Ashenzari's Generosity {vorpal, rPois rF- rN+ Dex+2}
   (You found it on level 10 of the Dungeon)

   It inflicts extra damage upon your enemies.
   It affects your dexterity (+2).
   It makes you vulnerable to fire.
   It protects you from poison.
   It protects you from negative energy.
 I - a +2 broad axe of flaming
 L - a +1 rapier of electrocution (weapon)
Missiles
 a - 65 bolts
 l - 144 arrows
 o - 6 curare-tipped darts
Armour
 c - a +0 hat (worn)
 z - a +0 buckler (worn)
 J - +0 acid dragon scales (worn)
 M - a +0 leather armour of fire resistance
 O - a +0 pair of boots (worn)
 U - a scarf of repulsion (worn)
Jewellery
 e - a ring of resist corrosion (left hand)
 i - an amulet of magic regeneration (around neck)
 v - a +4 ring of evasion (right hand)
 C - a +4 ring of slaying
 F - a ring of flight
 V - a +4 ring of evasion
Wands
 p - a wand of flame (7)
 N - a wand of polymorph (9)
 P - a wand of paralysis (8)
 Q - a wand of iceblast (14)
 R - a wand of acid (11)
 S - a wand of charming (5)
Scrolls
 b - 5 scrolls of fear {unknown}
 g - 3 scrolls of amnesia {unknown}
 j - 11 scrolls of identify {unknown}
 m - 8 scrolls of teleportation {unknown}
 n - 4 scrolls of enchant weapon {unknown}
 u - a scroll of random uselessness {unknown}
 w - a scroll of blinking {unknown}
 y - a scroll of fog {unknown}
 H - 4 scrolls of magic mapping {unknown}
 K - 2 scrolls of enchant armour {unknown}
Potions
 d - 2 potions of invisibility {unknown}
 f - a potion of berserk rage {unknown}
 k - 4 potions of might {unknown}
 q - 4 potions of heal wounds {unknown}
 r - 3 potions of brilliance {unknown}
 s - 3 potions of flight {unknown}
 t - 3 potions of resistance {unknown}
 A - 2 potions of cancellation {unknown}
 B - 3 potions of lignification {unknown}
 D - 2 potions of curing
 E - a potion of haste {unknown}
 G - a potion of mutation {unknown}
 W - a potion of degeneration {unknown}
Miscellaneous
 T - a lightning rod (4/4)


   Skills:
 + Level 3.1 Fighting
 - Level 3.2 Armour
 - Level 3.0 Dodging
 - Level 3.0 Stealth
 - Level 4.0 Shields
 * Level 14.4 Spellcasting
 + Level 8.7 Conjurations
 - Level 1.1 Summonings
 - Level 1.1 Translocations
 + Level 7.8 Fire Magic
 + Level 1.1 Air Magic
 - Level 2.2 Earth Magic
 - Level 1.0 Poison Magic
 - Level 1.3 Evocations


You had 22 spell levels left.
You knew the following spells:

 Your Spells              Type           Power        Failure   Level
a - Magic Dart            Conj           100%         1%          1
b - Mephitic Cloud        Conj/Pois/Air  33%          1%          3
c - Call Imp              Summ           21%          6%          2
d - Blink                 Tloc           N/A          6%          2
e - Conjure Flame         Conj/Fire      53%          1%          3
f - Bolt of Magma         Conj/Fire/Erth 22%          4%          5

Your spell library contained the following spells:

 Spells                   Type           Power        Failure   Level
 Slow                     Hex            16%          10%         2


Dungeon Overview and Level Annotations

Branches:
Dungeon (11/15)            Temple (1/1) D:5            Lair (0/6) D:10
  Sewer (visited)
    Orc: D:9-12

Altars:
Ashenzari
Cheibriados
Dithmenos
Elyvilon
Gozag
Hepliaklqana
Kikubaaqudgha
Okawaru
Qazlal
Ru
Trog
Uskayaw
Vehumet
Wu Jian
Xom
Yredelemnul
Zin
The Shining One
Beogh

Shops:
D:8 (   D:10 [

Annotations:
D:6 2 transporters, foci's ghost, novice GrFi


Message History

Confirm with . or Enter, or press ? or * to list all spells.
Aiming: Bolt of Magma (dangerous; 4% risk of failure)
Press: ? - help, Shift-Dir - straight line, f/p - orc warrior
Aim: an orc warrior, wielding a +0 battleaxe and wearing a +0 chain mail (severely wounded, 36% to evade)
The bolt of magma hits the orc warrior!
You kill the orc warrior!
Vehumet accepts your kill.
You hear a roar!
A deep elf zephyrmancer comes into view.
It is wielding a +1 dagger of draining.
Unknown command.
Unknown command.
Casting: Bolt of Magma (dangerous; 4% risk of failure)
Confirm with . or Enter, or press ? or * to list all spells.
Aiming: Bolt of Magma (dangerous; 4% risk of failure)
Press: ? - help, Shift-Dir - straight line, f - deep elf zephyrmancer
Aim: a deep elf zephyrmancer, wielding a +1 dagger of draining (44% to evade)
The bolt of magma hits the deep elf zephyrmancer!!
The deep elf zephyrmancer is heavily wounded.
The deep elf zephyrmancer casts a spell at you.
The bolt of lightning hits you!!
A five-headed hydra comes into view.
Unknown command.
You enter the shallow water.
Moving in this stuff is going to be slow.
The deep elf zephyrmancer points at you and mumbles some strange words.
The bolt of lightning is repelled.
The deep elf zephyrmancer mumbles some strange words.
The deep elf zephyrmancer blinks!
The five-headed hydra bites you but does no damage.
The five-headed hydra bites you!
The five-headed hydra closely misses you.
The five-headed hydra bites you!
* * * LOW HITPOINT WARNING * * *
The five-headed hydra bites you but does no damage.
Your magical contamination has completely faded away.
You see here a +0 mace.
The five-headed hydra bites you!
* * * LOW HITPOINT WARNING * * *
The five-headed hydra bites you!
You die...

# ##.#####.#### #.##...########
#.##.##.##.##.# #.##...########
#≈..≈e.≈..≈..≈####.#...##.......
#.##.##.##e##.##...#...# .......
# #.#####.##.###.....## .......
.≈. #.≈.####......# .......
########.######....## ..##...
#.##.##.####...## . #...
#≈..≈..≈D@......# ....
#.##.##[####....# #....
####.#### #+#...# #..≈.# ....#
###### .....# ....# ...## ...#


You could see a five-headed hydra.

Vanquished Creatures
  2 two-headed ogres
  A tengu warrior (D:10)
  Joseph (D:7)
  A gargoyle (D:11)
  Maggie (D:6)
  A kobold demonologist (D:11)
  The ghost of Twinkles the Vandal, a novice HaWr of Makhleb (D:5)
  A troll (D:10)
  A vampire (D:11)
  6 yaks (D:11)
  A wraith (D:11)
  Eustachio (D:6)
  3 water moccasins
  6 orc warriors
  2 sky beasts
  8 ogres
  2 centaurs
  A phantom (D:5)
  5 bullfrogs
  A wyvern skeleton (D:11)
  3 scorpions
  4 killer bees (D:11)
  6 wights
  A howler monkey (D:6)
  2 electric eels (D:9)
  2 centaur zombies
  3 quasits
  Crazy Yiuf (D:2)
  2 bullfrog zombies
  7 orc priests
  5 hounds
  2 jellies
  2 bullfrog skeletons
  2 centaur skeletons
  Jessica (D:3)
  5 worker ants
  3 iguanas
  9 orc wizards
  A killer bee zombie (D:4)
  3 hound zombies
  A howler monkey skeleton (D:5)
  14 adders
  A shadow imp (D:7)
  6 white imps
  2 ufetubi
  6 oozes (Sewer)
  An adder skeleton (D:10)
  An adder zombie (D:9)
  7 worms
  A dart slug (D:3)
  6 leopard geckos
  49 orcs
  3 ball pythons
  8 giant cockroaches
  5 goblins
  3 hobgoblins
  10 jackals
  8 kobolds
  7 quokkas
  15 bats
  7 frilled lizards
  A leopard gecko skeleton (D:6)
  A quokka skeleton (D:6)
  4 rats
277 creatures vanquished.

Vanquished Creatures (collateral kills)
  A sky beast (D:9)
  The ghost of Snicker the Sneak, a weakling DsDe (D:5)
2 creatures vanquished.

Vanquished Creatures (others)
  An orc (D:6)
  A fungus (D:2)
2 creatures vanquished.

Grand Total: 281 creatures vanquished

Notes
Turn   | Place    | Note
-------+----------+-------------------------------------------
     0 | D:1      | pokeman the Deep Elf Hedge Wizard began the quest for the
                  | Orb.
     0 | D:1      | Reached XP level 1. HP: 10/10 MP: 7/7
   738 | D:1      | Reached XP level 2. HP: 15/15 MP: 7/9
  1757 | D:2      | Reached skill level 5 in Spellcasting
  1834 | D:2      | Reached XP level 3. HP: 20/20 MP: 8/11
  1838 | D:2      | Learned a level 3 spell: Mephitic Cloud
  1841 | D:2      | Learned a level 2 spell: Call Imp
  1844 | D:2      | Learned a level 2 spell: Blink
  1848 | D:2      | Learned a level 3 spell: Conjure Flame
  1859 | D:2      | You fall into a shaft and drop 2 floors!
  1877 | D:4      | Reached skill level 1 in Fighting
  1877 | D:4      | Reached skill level 1 in Armour
  1945 | D:4      | Noticed an ogre
  1998 | D:4      | Reached XP level 4. HP: 22/25 MP: 5/13
  2326 | D:3      | Noticed Jessica
  2333 | D:3      | Killed Jessica
  2373 | D:3      | Found a glowing drain.
  2465 | Sewer    | Entered a sewer
  2473 | Sewer    | Reached skill level 6 in Spellcasting
  2473 | Sewer    | Reached XP level 5. HP: 14/29 MP: 10/15
  2793 | Sewer    | Reached skill level 1 in Shields
  4424 | D:2      | Found a runed translucent door.
  4425 | D:2      | Noticed Crazy Yiuf
  4446 | D:2      | Killed Crazy Yiuf
  4447 | D:2      | Reached skill level 1 in Fire Magic
  4447 | D:2      | Reached XP level 6. HP: 31/34 MP: 8/17
  5225 | D:4      | Reached skill level 7 in Spellcasting
  5398 | D:4      | Reached skill level 1 in Air Magic
  5398 | D:4      | Reached skill level 1 in Evocations
  5621 | D:4      | Reached XP level 7. HP: 29/38 MP: 14/20
  5853 | D:5      | Entered Level 5 of the Dungeon
  5893 | D:5      | Reached skill level 1 in Poison Magic
  6039 | D:5      | Reached skill level 8 in Spellcasting
  6289 | D:5      | Found a sacrificial altar of Ru.
  6305 | D:5      | Found a staircase to the Ecumenical Temple.
  6315 | Temple   | Entered the Ecumenical Temple
  6435 | Temple   | Became a worshipper of Vehumet
  6922 | D:5      | Found a runed translucent gate.
  6923 | D:5      | Found a runed translucent gate.
  6923 | D:5      | Found a runed translucent gate.
  6925 | D:5      | Noticed Twinkles's ghost (novice HaWr)
  6925 | D:5      | Noticed Snicker's ghost (weakling DsDe)
  7142 | D:5      | Killed Snicker's ghost
  7185 | D:5      | Killed Twinkles's ghost
  7186 | D:5      | Reached skill level 9 in Spellcasting
  7186 | D:5      | Reached XP level 8. HP: 45/45 MP: 10/23
  7350 | D:6      | Found a transporter.
  7351 | D:6      | Noticed a five-headed hydra
  7357 | D:6      | Noticed foci's ghost (novice GrFi)
  7358 | D:6      | Noticed a mana viper
  7366 | D:6      | Found a transporter.
  7373 | D:6      | Noticed a wind drake
  7373 | D:6      | a mana viper changed into a wind drake
  7385 | D:6      | Noticed a shapeshifter
  7385 | D:6      | a wind drake changed into a shapeshifter
  7386 | D:6      | a shapeshifter changed into a hog
  7428 | D:6      | Reached skill level 5 in Conjurations
  7464 | D:6      | Noticed Maggie
  7490 | D:6      | Noticed a komodo dragon
  7490 | D:6      | a spriggan changed into a komodo dragon
  7499 | D:6      | Noticed a shapeshifter
  7499 | D:6      | a komodo dragon changed into a shapeshifter
  7500 | D:6      | a shapeshifter changed into a spriggan
  7517 | D:6      | Reached skill level 10 in Spellcasting
  7536 | D:6      | Killed Maggie
  7583 | D:6      | Noticed a blink frog
  7602 | D:6      | a blink frog changed into a soldier ant
  7656 | D:6      | Reached * piety under Vehumet
  7656 | D:6      | Offered knowledge of Sandblast by Vehumet.
  7669 | D:6      | Reached XP level 9. HP: 39/49 MP: 21/25
  7691 | D:6      | Noticed a black mamba
  7691 | D:6      | a hog changed into a black mamba
  7697 | D:6      | a black mamba changed into a raiju
  7709 | D:6      | Noticed a meliai
  7709 | D:6      | a raiju changed into a meliai
  7710 | D:6      | Noticed a cane toad
  7710 | D:6      | a meliai changed into a cane toad
  7711 | D:6      | a cane toad changed into an eye of draining
  7740 | D:6      | Noticed a yaktaur
  7740 | D:6      | a spriggan changed into a yaktaur
  7990 | D:6      | Noticed Eustachio
  8003 | D:6      | Killed Eustachio
  8136 | D:6      | Found a glowing silver altar of Zin.
  8137 | D:6      | Found a stormy altar of Qazlal.
  8318 | D:7      | Reached skill level 11 in Spellcasting
  8493 | D:7      | Found a sacrificial altar of Ru.
  8611 | D:7      | Noticed Joseph
  8647 | D:7      | Killed Joseph
  8648 | D:7      | Reached skill level 5 in Fire Magic
  9169 | D:7      | Found a shimmering altar of Xom.
  9862 | D:8      | Reached skill level 12 in Spellcasting
  9949 | D:8      | Offered knowledge of Freeze by Vehumet.
 10089 | D:8      | Found Ficvuexe's Weapon Boutique.
 10139 | D:8      | Found an iron altar of Okawaru.
 10312 | D:8      | Found a hide-covered altar of Uskayaw.
 10508 | D:8      | Reached ** piety under Vehumet
 11000 | D:9      | Reached XP level 10. HP: 43/54 MP: 24/28
 11343 | D:9      | Noticed a two-headed ogre
 11361 | D:9      | Killed a two-headed ogre
 11454 | D:9      | Offered knowledge of Static Discharge by Vehumet.
 11597 | D:9      | Reached skill level 13 in Spellcasting
 11631 | D:9      | Reached *** piety under Vehumet
 11798 | D:9      | Found a roughly hewn altar of Beogh.
 12077 | D:10     | Entered Level 10 of the Dungeon
 12131 | D:10     | Offered knowledge of Dazzling Flash by Vehumet.
 12329 | D:10     | Found a staircase to the Lair.
 12561 | D:10     | Found Fuyrraob's Armour Boutique.
 12744 | D:10     | Identified a shimmering dagger
 12951 | D:11     | Noticed a gargoyle
 12974 | D:11     | Killed a gargoyle
 13009 | D:11     | Noticed a tengu warrior
 13017 | D:11     | Reached **** piety under Vehumet
 13066 | D:10     | Killed a tengu warrior
 13297 | D:11     | Offered knowledge of Bolt of Magma by Vehumet.
 13454 | D:11     | Found an ornate altar of the Wu Jian Council.
 13468 | D:10     | Learned a level 5 spell: Bolt of Magma
 13481 | D:10     | Reached skill level 14 in Spellcasting
 13679 | D:11     | Reached XP level 11. HP: 60/60 MP: 19/31
 13716 | D:11     | Reached skill level 1 in Earth Magic
 14123 | D:11     | Noticed a two-headed ogre
 14128 | D:11     | Killed a two-headed ogre
 14129 | D:11     | Noticed a deep elf zephyrmancer
 14130 | D:11     | Noticed a five-headed hydra
 14148 | D:11     | Slain by a five-headed hydra

Illustrated notes

Levels and vault maps discovered:
D:1:      dpeg_arrival_circle_labyrinth_c, layout_loops_corners
D:2:      minmay_door_path, layout_loops_cross, uniq_crazy_yiuf_cottage
D:3:      layout_loops_ring, gup_sewer_entry_glass, eino_curves_04,
          hangedman_decor_peaks_small, minivault_4, minmay_misc_feat_chi,
          chequers_serial_rivers_micro_a, uniq_jessica
D:4:      layout_basic
D:5:      layout_loops_cross, temple_statues, gammafunk_ghost_cemetery,
          basic_altar
D:6:      layout_rooms, gammafunk_temple_overflow_wave, gammafunk_ghost_arena,
          minmay_manual_monolith, uniq_maggie, uniq_eustachio
D:7:      layout_loops_corners, kennysheep_little_box,
          nicolae_ru_great_annihilating_truth, uniq_joseph
D:8:      layout_cave_pods, okawaru_metal_pillars_1_2, serial_shops,
          kennysheep_mini, basic_altar
D:9:      layout_roguey [special_room_orc], nicolae_lava_and_water, st_stairs_1
D:10:     layout_loops_ring, lair_entry_dummy, serial_shops,
          kennysheep_mini_moat
D:11:     hangedman_cross_veins, layout_loops_corners, basic_altar,
          nicolae_two_hexagons
Temple:   dpeg_five_rooms_temple

Skill      XL: |  1  2  3  4  5  6  7  8  9 10 11 |
---------------+----------------------------------+-----
Spellcasting   | 5 6 7 9 10 12 14 | 14.4
Fighting       | 1 2 3 |  3.1
Armour         | 1 2 3 |  3.2
Conjurations   | 2 3 4 5 7 8 |  8.7
Dodging        | 3 |  3.0
Shields        | 1 3 4 |  4.0
Stealth        | 3 |  3.0
Fire Magic     | 1 2 4 6 7 |  7.8
Air Magic      | 1 |  1.1
Evocations     | 1 |  1.3
Poison Magic   | 1 |  1.0
Earth Magic    | 2 |  2.2
Summonings     | |  1.1
Translocations | |  1.1

Action                   |  1- 3 |  4- 6 |  7- 9 | 10-12 || total
-------------------------+-------+-------+-------+-------++-------
Melee: Dagger            |    27 |    74 |    10 |       ||   111
       Broad axe         |       |       |     9 |       ||     9
       Rapier            |       |       |    14 |    48 ||    62
 Cast: Magic Dart        |    44 |   173 |   344 |   198 ||   759
       Conjure Flame     |     1 |     5 |    21 |    17 ||    44
       Mephitic Cloud    |       |     6 |    18 |    21 ||    45
       Blink             |       |     2 |       |     3 ||     5
       Call Imp          |       |     1 |     9 |     5 ||    15
       Bolt of Magma     |       |       |       |    22 ||    22
Evoke: Wand              |       |       |       |    10 ||    10
       Lightning rod     |       |       |       |     1 ||     1
  Use: Potion            |       |     1 |       |       ||     1
 Stab: Sleeping          |     1 |       |       |       ||     1
       Confused          |       |     2 |     6 |     2 ||    10
Armor: Robe              |     3 |     3 |       |       ||     6
       Leather armour    |       |    25 |    10 |       ||    35
       Acid dragon scale |       |       |    11 |    35 ||    46
Dodge: Dodged            |    24 |    77 |    71 |   101 ||   273
       Repelled          |       |       |       |     4 ||     4
Block: Buckler           |       |       |       |    13 ||    13

Table legend: (Time is in decaauts)
 A = Elapsed time spent in this place.
 B = Non-inter-level travel time spent in this place.
 C = Inter-level travel time spent in this place.
 D = Time resting spent in this place.
 E = Time spent auto-exploring this place.
 F = Levels seen in this place.
 G = Mean time per level.
                   A        B        C        D        E       F      G
               +--------+--------+--------+--------+--------+-----+--------+
         Total |  14301 |  13662 |    639 |   1765 |   9450 |  13 | 1100.1 |
       Dungeon |  12662 |  12095 |    567 |   1258 |   8525 |  11 | 1151.1 |
        Temple |    193 |    121 |     72 |      0 |    116 |   1 |  193.0 |
         Sewer |   1445 |   1445 |      0 |    507 |    808 |   1 | 1445.0 |
               +--------+--------+--------+--------+--------+-----+--------+

Top non-repeatable levels by time:
     D:1: 1592 daAuts
   Sewer: 1445 daAuts
    D:10: 1358 daAuts
     D:7: 1336 daAuts
     D:9: 1320 daAuts
     D:5: 1243 daAuts
     D:8: 1118 daAuts
     D:3: 1041 daAuts
     D:4: 1031 daAuts
     D:6: 1021 daAuts
     D:2: 872 daAuts
    D:11: 727 daAuts
  Temple: 193 daAuts
